 Dungeon Crawl Stone Soup version 0.28-a0-425-gd0eccab798 (webtiles) character file.

Game seed: 10245778524432530866

3 SkeletonJelly the Grave Robber (level 1, -1/10 HPs)
             Began as a Deep Elf Necromancer on Sept 9, 2021.
             Slain by a dart slug (2 damage)
             ... on level 1 of the Dungeon.
             The game lasted 00:02:02 (83 turns).

SkeletonJelly the Grave Robber (Deep Elf Necromancer) Turns: 83, Time: 00:02:02

Health: -1/10      AC:  2    Str:  5    XL:     1   Next: 41%
Magic:  1/6        EV: 12    Int: 19    God:
Gold:   13         SH:  0    Dex: 15    Spells: 4/6 levels left

rFire   . . .      SeeInvis .   b - staff of conjuration
rCold   . . .      Faith    .   (no shield)
rNeg    . . .      Spirit   .   a - +0 robe
rPois   .          Reflect  .   (no helmet)
rElec   .          Harm     .   (no cloak)
rCorr   .          Rampage  .   (no gloves)
Will    .....                   (no boots)
Stlth   ++........              (no amulet)
HPRegen 0.03/turn               (no ring)
MPRegen 0.10/turn               (no ring)

@: no status effects
A: no striking features
a: no special abilities


You were on level 1 of the Dungeon.
You visited 1 branch of the dungeon, and saw 1 of its levels.

You collected 13 gold pieces.

Inventory:

Armour
 a - a +0 robe (worn)
Magical Staves
 b - a staff of conjuration (weapon)


   Skills:
 + Level 2.5 Dodging
 + Level 2.5 Stealth
 + Level 3.1 Spellcasting
 + Level 4.9 Necromancy


You had 4 spell levels left.
You knew the following spells:

 Your Spells              Type           Power      Damage    Failure   Level
a - Pain                  Necr           84%        1d8       1%          1
s - Animate Skeleton      Necr           42%        N/A       1%          1

Your spell library contained the following spells:

 Spells                   Type           Power      Damage    Failure   Level
 Vampiric Draining        Necr           10%        2d7       6%          3
 Animate Dead             Necr           10%        N/A       21%         4
 Agony                    Necr           21%        N/A       50%         5


Dungeon Overview and Level Annotations

Branches:
Dungeon (1/15)

Altars:


Message History

You add the spells Pain, Animate Skeleton, Vampiric Draining, Animate Dead and Agony to your library.
Welcome, SkeletonJelly the Deep Elf Necromancer.
Will you be the one to retrieve the fabled Orb of Zot from the depths?
Press ? for a list of commands and other information.
Found a long jewelled staff and 13 gold pieces.
Found a staircase leading out of the dungeon.
Okay, then.
Unknown command.
Found an escape hatch in the floor.
You see here a staff of conjuration.
b - a staff of conjuration
b - a staff of conjuration (weapon)
A ball python comes into view.
The ball python hisses angrily.
The ball python writhes in agony.
You kill the ball python!
You take 1 damage, and have 9/10 hp.
You now have 5/6 mp.
Memorise Animate Skeleton, consuming 1 spell level and leaving 4?
You start memorising the spell.
You continue memorising.
You finish memorising.
Spell assigned to 'b'.
Adjust (i)tems, (s)pells, or (a)bilities?
Adjust which spell? b - Animate Skeleton Adjust to which letter? s - Animate Skeleton
Casting: Pain (safe; 1% risk of failure)
Confirm with . or Enter, or press ? or * to list all spells.
You attempt to give life to the dead...
Before your eyes, flesh is ripped from the corpse!
The dead are slithering!
You now have 4/6 mp.
Magic restored.
HP restored.
You now have 13 gold pieces.
A ball python comes into view.
Health restored: 10; MP restored: 6 The ball python hisses angrily.
The ball python writhes in agony.
You kill the ball python!
You take 1 damage, and have 9/10 hp.
You now have 5/6 mp.
Casting: Pain (safe; 1% risk of failure)
Confirm with . or Enter, or press ? or * to list all spells.
You attempt to give life to the dead...
Before your eyes, flesh is ripped from the corpse!
The dead are slithering!
You now have 4/6 mp.
Annotate which branch? (. - D:1, ? - help, ! - show branch list)
Okay, then.
Unknown command.
You pace your travel speed to your slowest ally.
Your ball python skeleton crumbles into dust!
A dart slug comes into view.
Health restored: 10; MP restored: 6 A giant cockroach comes into view.
A bat comes into view.
The dart slug writhes in agony.
You take 1 damage, and have 9/10 hp.
You now have 5/6 mp.
The giant cockroach writhes in agony.
You kill the giant cockroach!
You take 1 damage, and have 8/10 hp.
You now have 4/6 mp.
The dart slug writhes in agony.
The dart slug launches a dart at you. The slug dart hits you.
You take 3 damage, and have 5/10 hp.
MASSIVE DAMAGE!!
You now have 3/6 mp.
You are too injured to fight recklessly!
You are too injured to fight recklessly!
Casting: Pain (safe; 1% risk of failure)
Confirm with . or Enter, or press ? or * to list all spells.
Aiming: Pain (safe; 1% risk of failure)
Press: ? - help, Shift-Dir - straight line, f/p - dart slug
Aim: a dart slug (severely wounded, ally target, chance to affect: 91%)
The dart slug barely resists.
You take 1 damage, and have 4/10 hp.
You now have 2/6 mp.
Casting: Pain (safe; 1% risk of failure)
Confirm with . or Enter, or press ? or * to list all spells.
Aiming: Pain (safe; 1% risk of failure)
Press: ? - help, Shift-Dir - straight line, f/p - dart slug
Aim: a dart slug (severely wounded, ally target, chance to affect: 91%)
The dart slug barely resists.
You take 1 damage, and have 3/10 hp.
You now have 1/6 mp.
The bat hits you.
* * * LOW HITPOINT WARNING * * *
The dart slug launches a dart at you. The slug dart misses you.
You take 1 damage, and have 2/10 hp.
You hit the bat.
The bat is severely wounded.
The bat closely misses you. The dart slug launches a dart at you.
The slug dart misses you.
You barely miss the bat.
The bat is severely wounded.
The bat hits you.
* * * LOW HITPOINT WARNING * * *
Your ball python skeleton completely misses the dart slug.
Your ball python skeleton grabs the dart slug.
Your ball python skeleton constricts the dart slug.
The dart slug bites you.
You die...

#......# #
######.# #. #.#
#.### #.# #....
#.# ###...###
#.#
#.......######.#
......wZ.......#
......b@########
.##...### #.. ##


You could see a dart slug (ally target), a bat and a friendly ball python
skeleton.

Vanquished Creatures
  A giant cockroach (D:1)
  2 ball pythons (D:1)
3 creatures vanquished.

Notes
Turn   | Place    | Note
-------+----------+-------------------------------------------
     0 | D:1      | SkeletonJelly the Deep Elf Necromancer began the quest for
                  | the Orb.
     0 | D:1      | Reached XP level 1. HP: 10/10 MP: 6/6
    15 | D:1      | Learned a level 1 spell: Animate Skeleton
    83 | D:1      | Slain by a dart slug

Illustrated notes

Levels and vault maps discovered:
D:1:      minmay_arrival_jagged, layout_loops_ring

Action                   || total
-------------------------++-------
Melee: Staff             ||     2
 Cast: Pain              ||     7
       Animate Skeleton  ||     2
Dodge: Dodged            ||     3

Table legend: (Time is in decaauts)
 A = Elapsed time spent in this place.
 B = Non-inter-level travel time spent in this place.
 C = Inter-level travel time spent in this place.
 D = Time resting spent in this place.
 E = Time spent auto-exploring this place.
 F = Levels seen in this place.
 G = Mean time per level.
                   A        B        C        D        E       F      G
               +--------+--------+--------+--------+--------+-----+--------+
         Total |     82 |     82 |      0 |      0 |     42 |   1 |   82.0 |
       Dungeon |     82 |     82 |      0 |      0 |     42 |   1 |   82.0 |
               +--------+--------+--------+--------+--------+-----+--------+

Top non-repeatable levels by time:
     D:1: 82 daAuts
